 Dungeon Crawl Stone Soup version 0.21-a0-442-g848f44b (webtiles) character file.

1578 theanonym the Arsonist (level 8, -2/41 HPs)
             Began as a Deep Elf Fire Elementalist on Nov 16, 2017.
             Was a Believer of Sif Muna.
             Slain by a crimson imp (3 damage)
             ... on level 4 of the Dungeon.
             The game lasted 00:15:31 (6513 turns).

theanonym the Arsonist (Deep Elf Fire Elementalist) Turns: 6513, Time: 00:15:32

Health: -2/41      AC:  2    Str:  5    XL:     8   Next: 60%
Magic:  21/21      EV: 13    Int: 23    God:    Sif Muna [**....]
Gold:   222        SH:  0    Dex: 15    Spells: 8/21 levels left

rFire    . . .     SeeInvis +   w - +0 dagger (holy)
rCold    . . .     Gourm    .   (no shield)
rNeg     . . .     Faith    .   a - +0 robe
rPois    .         Spirit   .   (no helmet)
rElec    .         Reflect  .   (no cloak)
rCorr    .         Harm     .   (no gloves)
MR       .....                  (no boots)
Stlth    ++........             (no amulet)
HPRegen  0.13/turn              g - ring of see invisible {sInv}
MPRegen  0.17/turn              (no ring)

@: divine energy
A: no striking features
a: Stop Divine Energy, Renounce Religion


   Skills:
 - Level 2.6 Dodging
 - Level 2.4 Stealth
 + Level 7.3 Spellcasting
 * Level 7.1 Conjurations
 * Level 8.3 Fire Magic


You had 8 spell levels left.
You knew the following spells:

 Your Spells              Type           Power        Failure   Level  Hunger
a - Flame Tongue          Conj/Fire      #####        1%          1    None
b - Conjure Flame         Conj/Fire      #####...     1%          3    None
c - Sticky Flame          Conj/Fire      #####...     3%          4    ###....
f - Fireball              Conj/Fire      #####.....   9%          5    #####..

Skill      XL: |  1  2  3  4  5  6  7  8 |
---------------+-------------------------+-----
Fire Magic     | 4 5 7 8 |  8.3
Conjurations   | 2 3 5 7 |  7.1
Spellcasting   | 4 5 6 7 |  7.3
Dodging        | |  2.6
Stealth        | |  2.4

Action                   |  1- 3 |  4- 6 |  7- 9 || total
-------------------------+-------+-------+-------++-------
Melee: Dagger            |       |    25 |   147 ||   172
Throw: Throwing net      |       |       |     1 ||     1
 Cast: Flame Tongue      |    44 |   122 |    27 ||   193
       Conjure Flame     |       |     8 |       ||     8
       Sticky Flame      |       |     8 |     3 ||    11
       Fireball          |       |       |    10 ||    10
Invok: Divine Energy     |       |       |     1 ||     1
  Use: Scroll            |       |     5 |       ||     5
       Potion            |       |       |     1 ||     1
  Eat: Chunk             |     2 |     9 |     2 ||    13
       Fruit             |       |     3 |     1 ||     4
       Bread ration      |       |       |     1 ||     1
Armor: Robe              |     2 |    14 |    23 ||    39
Dodge: Dodged            |     2 |    51 |    64 ||   117

Inventory:

Hand Weapons
 b - a +0 blowgun
   (You took it off a kobold on level 3 of the Dungeon)
 j - a +0 dagger
   (You took it off a goblin on level 1 of the Dungeon)
 w - a +0 dagger of holy wrath (weapon)
   (You took it off an orc wizard on level 4 of the Dungeon)
Armour
 a - a +0 robe (worn)
 v - a +0 helmet
   (You took it off Robin on level 3 of the Dungeon)
Jewellery
 g - a ring of see invisible (left hand) {sInv}
   (You found it on level 1 of the Dungeon)
Scrolls
 d - a scroll of amnesia {unknown}
 e - 2 scrolls of remove curse
 h - a scroll of immolation {unknown}
 m - 2 scrolls of noise
 n - 3 scrolls of recharging
 r - a scroll of identify
 s - 2 scrolls of random uselessness
 x - a scroll of enchant armour {unknown}
Potions
 f - 2 potions of resistance {unknown}
 i - a potion of haste {unknown}
 k - 4 potions of curing
 l - 2 potions of brilliance {unknown}
 p - a potion of mutation {unknown}
 q - 2 potions of cancellation {unknown}
 t - a potion of flight {unknown}
Books
 o - a book of Flames

   Spells                             Type                      Level
   a - Flame Tongue                   Conjuration/Fire             1
   b - Throw Flame                    Conjuration/Fire             2
   c - Conjure Flame                  Conjuration/Fire             3
   d - Inner Flame                    Hexes/Fire                   3
   e - Sticky Flame                   Conjuration/Fire             4
   f - Fireball                       Conjuration/Fire             5
Comestibles
 c - a bread ration

Dungeon Overview and Level Annotations

Branches:
Dungeon (5/15)             Temple (1/1) D:4

Altars:
Ashenzari
Cheibriados
Dithmenos
Elyvilon
Fedhas
Gozag
Kikubaaqudgha
Makhleb
Nemelex Xobeh
Okawaru
Qazlal
Ru
Sif Muna
Trog
Vehumet
Xom
Yredelemnul
The Shining One
Lugonu


You were on level 4 of the Dungeon.
You worshipped Sif Muna.
Sif Muna was pleased with you.
You were hungry.

You visited 2 branches of the dungeon, and saw 6 of its levels.

You collected 222 gold pieces.


Message History

You hit the crimson imp.
The crimson imp convulses.
The crimson imp closely misses you.
You miss the crimson imp. The crimson imp hits you.
* * * LOW HITPOINT WARNING * * *
You hit the crimson imp but do no damage.
The crimson imp hits you but does no damage.
You take 1 damage, and have 15/41 hp.
You barely miss the crimson imp. The crimson imp closely misses you.
You hit the crimson imp but do no damage.
The crimson imp barely misses you.
You closely miss the crimson imp. The crimson imp misses you.
You barely miss the crimson imp. The crimson imp misses you.
You hit the crimson imp.
The crimson imp convulses.
The crimson imp hits you.
* * * LOW HITPOINT WARNING * * *
You take 1 damage, and have 14/41 hp.
There is a stone staircase leading up here.
The crimson imp hits you.
* * * LOW HITPOINT WARNING * * *
You climb upwards.
There is a stone staircase leading down here.
You take 1 damage, and have 14/41 hp.
You feel better.
The crimson imp hits you but does no damage.
You regained 10 hp, and now have 24/41 hp.
You hit the crimson imp but do no damage.
The crimson imp barely misses you.
You hit the crimson imp but do no damage.
The crimson imp hits you but does no damage.
You hit the crimson imp but do no damage.
The crimson imp hits you but does no damage.
You barely miss the crimson imp. The crimson imp hits you.
You take 3 damage, and have 21/41 hp.
You hit the crimson imp.
The crimson imp convulses.
The crimson imp barely misses you.
You closely miss the crimson imp. The crimson imp closely misses you.
You closely miss the crimson imp. The crimson imp hits you.
* * * LOW HITPOINT WARNING * * *
You miss the crimson imp.
The crimson imp blinks!
You take 3 damage, and have 18/41 hp.
The crimson imp barely misses you.
You barely miss the crimson imp.
The crimson imp hits you but does no damage.
You miss the crimson imp.
The crimson imp hits you but does no damage.
You barely miss the crimson imp. The crimson imp hits you.
* * * LOW HITPOINT WARNING * * *
You take 1 damage, and have 17/41 hp.
You hit the crimson imp.
The crimson imp convulses.
The crimson imp hits you.
* * * LOW HITPOINT WARNING * * *
You barely miss the crimson imp. The crimson imp hits you.
* * * LOW HITPOINT WARNING * * *
You hit the crimson imp but do no damage.
The crimson imp hits you.
* * * LOW HITPOINT WARNING * * *
You hit the crimson imp but do no damage.
The crimson imp closely misses you.
You barely miss the crimson imp. The crimson imp barely misses you.
You take 3 damage, and have 14/41 hp.
You miss the crimson imp. The crimson imp barely misses you.
You miss the crimson imp.
The crimson imp blinks!
You barely miss the crimson imp.
The crimson imp shouts, "Begone, thou pandering hasty-witted Cock-Lorel!"
The crimson imp hits you.
* * * LOW HITPOINT WARNING * * *
You hit the crimson imp but do no damage.
The crimson imp hits you.
* * * LOW HITPOINT WARNING * * *
You closely miss the crimson imp. The crimson imp misses you.
You hit the crimson imp but do no damage.
The crimson imp hits you.
* * * LOW HITPOINT WARNING * * *
You take 5 damage, and have 9/41 hp.
You hit the crimson imp but do no damage.
The crimson imp barely misses you.
You closely miss the crimson imp.
The crimson imp hits you but does no damage.
You miss the crimson imp.
The crimson imp lashes its tail.
The crimson imp closely misses you.
You barely miss the crimson imp. The crimson imp hits you.
* * * LOW HITPOINT WARNING * * *
You closely miss the crimson imp. The crimson imp hits you.
* * * LOW HITPOINT WARNING * * *
You take 4 damage, and have 5/41 hp.
You closely miss the crimson imp. The crimson imp completely misses you.
You barely miss the crimson imp. The crimson imp hits you.
* * * LOW HITPOINT WARNING * * *
You barely miss the crimson imp. The crimson imp hits you.
* * * LOW HITPOINT WARNING * * *
You hit the crimson imp but do no damage.
The crimson imp closely misses you.
You closely miss the crimson imp. The crimson imp hits you.
* * * LOW HITPOINT WARNING * * *
You hit the crimson imp but do no damage.
The crimson imp closely misses you.
You take 4 damage, and have 1/41 hp.
You hit the crimson imp but do no damage.
The crimson imp blinks!
The crimson imp hits you.
You die...

#..#######..#######
#.#......#..#######
#..#####...........
#..# ###..#######
#..# #.........
#..# ##.....>..
#..# #####.[.. #.5#
#.##. #.@# #)##.
#>.# ### #.###
#..## ##.###.#
##...# #......###
#....# ##........
#.#.## #########
#.#.#
##############
#.#>#
#............#
#.#.#
#.####........


You could see a crimson imp.

Notes
Turn   | Place    | Note
-------+----------+-------------------------------------------
     0 | D:1      | theanonym the Deep Elf Fire Elementalist began the quest for the Orb.
     0 | D:1      | Reached XP level 1. HP: 10/10 MP: 6/6
   226 | D:1      | Reached XP level 2. HP: 15/15 MP: 6/8
   847 | D:2      | Reached skill level 4 in Fire Magic
   907 | D:2      | Noticed Jessica
   912 | D:2      | Killed Jessica
   912 | D:2      | Reached skill level 2 in Conjurations
   912 | D:2      | Reached XP level 3. HP: 19/19 MP: 6/10
   920 | D:2      | Learned a level 3 spell: Conjure Flame
  1026 | D:2      | Found a shadowy altar of Dithmenos.
  1291 | D:2      | HP: 8/19 [leopard gecko (2)]
  1542 | D:2      | Found a deep blue altar of Sif Muna.
  1542 | D:2      | Found a faded altar of an unknown god.
  1547 | D:2      | Found an iron altar of Okawaru.
  1549 | D:2      | Found a burning altar of Makhleb.
  1551 | D:2      | Found a sacrificial altar of Ru.
  1557 | D:2      | Became a worshipper of Sif Muna the Loreminder
  1595 | D:2      | Reached XP level 4. HP: 24/24 MP: 9/11
  1731 | D:2      | Found a glowing golden altar of the Shining One.
  1741 | D:2      | Reached skill level 4 in Spellcasting
  1759 | D:2      | Found a blossoming altar of Fedhas.
  1805 | D:2      | Found a snail-covered altar of Cheibriados.
  2239 | D:3      | Noticed Robin
  2265 | D:3      | Learned a level 4 spell: Sticky Flame
  2284 | D:3      | HP: 12/24 [goblin/dagger[Robin] (5)]
  2566 | D:3      | Killed Robin
  2566 | D:3      | Reached skill level 5 in Fire Magic
  2679 | D:3      | Reached XP level 5. HP: 26/28 MP: 8/13
  2866 | D:3      | HP: 13/28 [orc priest/divine providence (12)]
  2882 | D:3      | HP: 13/28 [bat (1)]
  3290 | D:3      | Found a sparkling altar of Nemelex Xobeh.
  3406 | D:4      | Reached skill level 3 in Conjurations
  3454 | D:4      | HP: 10/28 [orc wizard/magic dart (10)]
  3930 | D:4      | HP: 2/28 [orc priest/divine providence (16)]
  3931 | D:4      | Reached skill level 5 in Spellcasting
  4476 | D:4      | Noticed a two-headed ogre
  4547 | D:4      | Reached XP level 6. HP: 32/32 MP: 10/15
  4557 | D:4      | Learned a level 5 spell: Fireball
  4695 | D:4      | Reached * piety under Sif Muna
  4782 | D:4      | Reached skill level 4 in Conjurations
  4849 | D:4      | Found a staircase to the Ecumenical Temple.
  4956 | D:4      | Killed a two-headed ogre
  4956 | D:4      | Reached ** piety under Sif Muna
  4956 | D:4      | Reached skill level 6 in Spellcasting
  4956 | D:4      | Reached skill level 5 in Conjurations
  4956 | D:4      | Reached skill level 7 in Fire Magic
  4956 | D:4      | Reached XP level 7. HP: 36/36 MP: 4/18
  4956 | D:4      | Reached XP level 8. HP: 41/41 MP: 4/19
  5093 | D:4      | Reached skill level 6 in Conjurations
  5378 | Temple   | Entered the Ecumenical Temple
  5439 | D:5      | Entered Level 5 of the Dungeon
  5439 | D:5      | Noticed p0werm0de's ghost (novice GrCK)
  5678 | D:5      | Killed p0werm0de's ghost
  5678 | D:5      | Reached skill level 7 in Spellcasting
  5678 | D:5      | Reached skill level 8 in Fire Magic
  5873 | D:5      | Reached skill level 7 in Conjurations
  6133 | D:5      | Found a shimmering altar of Xom.
  6187 | D:5      | HP: 19/41 [crimson imp (4)]
  6447 | D:5      | HP: 20/41 [crimson imp (2)]
  6462 | D:5      | HP: 15/41 [crimson imp (2)]
  6468 | D:5      | HP: 14/41 [crimson imp (1)]
  6479 | D:4      | HP: 18/41 [crimson imp (3)]
  6486 | D:4      | HP: 17/41 [crimson imp (2)]
  6495 | D:4      | HP: 13/41 [crimson imp (2)]
  6502 | D:4      | HP: 7/41 [crimson imp (3)]
  6505 | D:4      | HP: 2/41 [crimson imp (3)]
  6513 | D:4      | Slain by a crimson imp

Vanquished Creatures
  A two-headed ogre (D:4)
  The ghost of p0werm0de the Chopper, a novice GrCK of Xom (D:5)
  2 ice beasts (D:5)
  A howler monkey (D:4)
  2 hounds (D:5)
  An orc priest (D:4)
  3 orc wizards (D:4)
  Jessica (D:2)
  2 worker ants
  A hound zombie (D:5)
  Robin (D:3)
  3 gnolls (D:3)
  6 adders
  An ooze (D:3)
  4 worms
  4 dart slugs
  4 leopard geckos
  14 orcs
  A ball python (D:2)
  2 giant cockroaches
  11 goblins
  7 hobgoblins
  8 jackals (D:4)
  4 quokkas
  7 bats
  2 frilled lizards
  6 kobolds
  3 rats
103 creatures vanquished.
